 Dungeon Crawl Stone Soup version 0.32-a0-814-g0968bab981 (webtiles) character file.

Game seed: 6084057690913601953

4995 shadizar the Thaumaturge (level 10, -24/73 HPs)
             Began as a Djinni Conjurer on Mar 22, 2024.
             Was an Initiate of Makhleb.
             Annihilated by a boulder beetle (35 damage)
             ... on level 9 of the Dungeon.
             The game lasted 00:11:52 (9695 turns).

shadizar the Thaumaturge (Djinni Conjurer)          Turns: 9695, Time: 00:11:52

Health: -24/73     AC: 12    Str:  6    XL:     10   Next: 83%
Gold:   471        EV: 12    Int: 24    God:    Makhleb [......] SH:  0 Dex: 12

rFire   + + .        F - +5 hand axe of Atulaal {drain, rElec rN+}
rCold   . . .        (no shield)
rNeg    + . .        G - +0 acid dragon scales
rPois   ∞            H - +0 helmet
rElec   +            g - +0 cloak
rCorr   +            (no gloves)
SInv    .            (boots unavailable)
Will    +....        (no amulet)
Stlth   +            e - ring of protection from cold
HPRegen 0.32/turn    v - +4 ring of protection
MPRegen 0.00/turn

%: infuse magic (-25 HP)
@: flying, hasted, very quick
A: sickness immunity, fire resistance 2, cold vulnerability 1, float, innate
caster, HP casting, extra vitality 1
a: Renounce Religion


You were on level 9 of the Dungeon.
You worshipped Makhleb.
Makhleb was noncommittal.
You visited 2 branches of the dungeon, and saw 10 of its levels.

You collected 471 gold pieces.

Inventory:

Hand Weapons
 F - the +5 hand axe of Atulaal (weapon) {drain, rElec rN+}
   (You found it on level 7 of the Dungeon)

   rElec:     It insulates you from electricity.
   rN+:       It protects you from negative energy.
Armour
 b - a scarf of harm
 g - a +0 cloak (worn)
 B - +0 steam dragon scales
 G - +0 acid dragon scales (worn)
 H - a +0 helmet (worn)
Magical Staves
 w - a staff of earth
Jewellery
 d - a ring of resist corrosion
 e - a ring of protection from cold (left hand)
 v - a +4 ring of protection (right hand)
Wands
 j - a wand of polymorph (3)
 A - a wand of roots (22)
 C - a wand of mindburst (4)
Scrolls
 a - a scroll of butterflies
 k - a scroll of identify
 q - 5 scrolls of poison
 t - 3 scrolls of teleportation
Potions
 c - 2 potions of brilliance
 f - a potion of mutation {unknown}
 h - a potion of haste
 i - 3 potions of resistance
 m - 2 potions of enlightenment
 u - a potion of heal wounds {unknown}
 x - 3 potions of degeneration {unknown}
 z - 2 potions of might {unknown}


   Skills:
 + Level 6.4 Fighting
 + Level 0.7 Armour
 + Level 7.6 Dodging
 - Level 1.8 Stealth
 + Level 10.0 Spellcasting
 + Level 10.0 Conjurations
 + Level 10.0 Hexes
   Level 0.0 Charms
 + Level 10.0 Summonings
 + Level 10.0 Necromancy
 + Level 10.0 Translocations
   Level 0.0 Transmutations
 + Level 10.0 Fire Magic
 + Level 10.0 Ice Magic
 + Level 10.0 Air Magic
 + Level 10.0 Earth Magic
 + Level 10.0 Alchemy


You knew the following spells:

 Your Spells              Type           Power      Damage    Failure   Level
a - Magic Dart            Conj           100%       1d8       1%          1
b - Searing Ray           Conj           100%       2d8       1%          2
c - Fulminant Prism       Conj/Alch      28%        3d13      1%          4
d - Iskenderun's Mystic   Conj/Tloc      57%        2d12      1%          4
e - Sting                 Conj/Alch      100%       1d9       1%          1
f - Blink                 Tloc           100%       N/A       1%          2
g - Static Discharge      Conj/Air       100%       3-8/arc   1%          2
h - Sticky Flame          Fire/Alch      57%        2d10      1%          4
Your spell library was empty.

Dungeon Overview and Level Annotations

Branches:
Dungeon (9/15)             Temple (1/1) D:4
   Lair: D:8-11         Orc: D:9-12

Altars:
Ashenzari
Cheibriados
Dithmenos
Elyvilon
Fedhas
Gozag
Makhleb
Nemelex Xobeh
Okawaru
Qazlal
Ru
Trog
Uskayaw
Wu Jian
Zin
The Shining One

Annotations:
D:3 1 runed translucent door, Crazy Yiuf
D:5 3 runed translucent doors, noobster's ghost, novice MiFi


Innate Abilities, Weirdness & Mutations

You are immune to sickness and miasma.
You are immune to poison.
Your flesh is very heat resistant. (rF++)
You are vulnerable to cold. (rC-)
You float through the air rather than walking.
You learn spells naturally, not from books.
Your magical power is your life essence.
You have superior vitality. (+4 MHP)


Message History

Unknown command.
Unknown command.
Unknown command.
Unknown command.
Okay, then.
You feel yourself speed up.
Casting: Iskenderun's Mystic Blast (dangerous; 1% risk of failure)
Confirm with . or Enter, or press ? or * to list all spells.
You erupt in a blast of force!
The mystic blast hits the boulder beetle but does no damage.
The boulder beetle is heavily wounded.
* * * LOW HITPOINT WARNING * * *
The boulder beetle misses you.
Unknown command.
Unknown command.
Unknown command.
Unknown command.
Unknown command.
Unknown command.
Casting: Iskenderun's Mystic Blast (dangerous; 1% risk of failure)
Confirm with . or Enter, or press ? or * to list all spells.
You erupt in a blast of force!
The mystic blast hits the centaur zombie!!
You destroy the centaur zombie!
Makhleb accepts your kill.
The mystic blast hits the boulder beetle.
The boulder beetle is heavily wounded.
The boulder beetle is knocked back by the mystic blast.
* * * LOW HITPOINT WARNING * * *
Unknown command.
Unknown command.
Unknown command.
Unknown command.
Unknown command.
Unknown command.
The boulder beetle curls into a ball and begins rolling!
A centaur zombie comes into view.
The boulder beetle attacks as it pursues you!
The boulder beetle hits you!!
You die...

####### ##
#.@...# #.
#####B###.#
#.
#....○..#.#
## #.
#...###°#.#.#
#.####.### #.
#.°...#
...........
###°####....
#B...
#Z##......
#..##
♣##°##.# #.#
#..?.
♣..Z°○.# #.#
##.##


You could see a boulder beetle (rolling).

Vanquished Creatures
  A two-headed ogre (D:8)
  A hornet (D:9)
  Grinder (D:4)
  Sigmund (D:2)
  4 steam dragons
  Eustachio (D:5)
  Grum (D:8)
  An acid dragon (D:8)
  A water moccasin (D:6)
  An orc warrior (D:6)
  A sky beast (D:6)
  2 black bears (D:6)
  An ice beast (D:6)
  5 ogres
  2 wolves (D:8)
  A phantom (D:5)
  A kobold brigand (D:7)
  3 bullfrogs
  2 scorpions
  3 wights (D:8)
  6 howler monkeys
  A crimson imp (D:5)
  3 bombardier beetles
  2 centaur zombies (D:9)
  2 hounds (D:5)
  3 orc priests
  3 jellies
  A gnoll bouda (D:8)
  Natasha (thrice) (D:2)
  Terence (D:3)
  4 iguanas
  2 orc wizards (D:6)
  7 gnolls
  A howler monkey zombie (D:9)
  10 adders
  A shadow imp (D:7)
  2 white imps
  2 dart slugs (D:4)
  5 ribbon worms
  11 orcs
  6 ball pythons
  6 endoplasms
  2 giant cockroaches
  7 goblins
  4 hobgoblins
  8 jackals
  13 kobolds
  5 quokkas
  8 bats
  4 frilled lizards
  5 rats
172 creatures vanquished.

Vanquished Creatures (others)
  3 fulminant prisms
3 creatures vanquished.

Grand Total: 175 creatures vanquished

Notes
Turn   | Place    | Note
-------+----------+-------------------------------------------
     0 | D:1      | shadizar the Djinni Conjurer began the quest for the Orb.
     0 | D:1      | shadizar set off with the following spells memorised: Magic
                  | Dart, Searing Ray, Fulminant Prism, Iskenderun's Mystic
                  | Blast.
     0 | D:1      | Reached XP level 1. HP: 15/15 MP: 0/0
   129 | D:1      | Reached XP level 2. HP: 20/21 MP: 0/0
   137 | D:1      | Found a faded altar of an unknown god.
   304 | D:1      | Reached XP level 3. HP: 23/25 MP: 0/0
   304 | D:1      | Learned a level 1 spell: Sting
   992 | D:2      | Reached XP level 4. HP: 27/31 MP: 0/0
  1178 | D:2      | Noticed Natasha
  1183 | D:2      | Killed Natasha
  1325 | D:2      | Reached XP level 5. HP: 29/35 MP: 0/0
  1325 | D:2      | Learned a level 2 spell: Blink
  1374 | D:2      | Noticed Natasha
  1379 | D:2      | Killed Natasha
  1380 | D:2      | Reached skill level 5 in Spellcasting
  1380 | D:2      | Reached skill level 5 in Conjurations
  1380 | D:2      | Reached skill level 5 in Hexes
  1380 | D:2      | Reached skill level 5 in Summonings
  1380 | D:2      | Reached skill level 5 in Necromancy
  1380 | D:2      | Reached skill level 5 in Translocations
  1380 | D:2      | Reached skill level 5 in Fire Magic
  1380 | D:2      | Reached skill level 5 in Ice Magic
  1380 | D:2      | Reached skill level 5 in Air Magic
  1380 | D:2      | Reached skill level 5 in Earth Magic
  1380 | D:2      | Reached skill level 5 in Alchemy
  1504 | D:2      | Noticed Natasha
  1508 | D:2      | Killed Natasha
  1707 | D:2      | Noticed Sigmund
  1716 | D:2      | Killed Sigmund
  1717 | D:2      | Reached XP level 6. HP: 10/40 MP: 0/0
  1933 | D:3      | Found a shadowy altar of Dithmenos.
  2165 | D:3      | Noticed Terence
  2171 | D:3      | Killed Terence
  2262 | D:3      | Reached XP level 7. HP: 42/45 MP: 0/0
  2262 | D:3      | Learned a level 2 spell: Static Discharge
  2366 | D:3      | Found a runed translucent door.
  2367 | D:3      | Noticed Crazy Yiuf
  2408 | D:3      | Found a bloodstained altar of Trog.
  2608 | D:4      | Found a white marble altar of Elyvilon.
  2622 | D:4      | Noticed Grinder
  2630 | D:4      | Killed Grinder
  3217 | D:4      | Reached XP level 8. HP: 39/50 MP: 0/0
  3623 | D:4      | Found a staircase to the Ecumenical Temple.
  3652 | Temple   | Entered the Ecumenical Temple
  4143 | D:5      | Entered Level 5 of the Dungeon
  4235 | D:5      | Noticed Eustachio
  4244 | D:5      | Killed Eustachio
  4475 | D:5      | Reached XP level 9. HP: 36/55 MP: 0/0
  4475 | D:5      | Learned a level 4 spell: Sticky Flame
  4632 | D:5      | Found a runed translucent gate.
  4632 | D:5      | Found a runed translucent gate.
  4632 | D:5      | Found a runed translucent gate.
  4632 | D:5      | Noticed noobster's ghost (novice MiFi)
  5573 | D:6      | Reached skill level 10 in Spellcasting
  5573 | D:6      | Reached skill level 10 in Conjurations
  5573 | D:6      | Reached skill level 10 in Hexes
  5573 | D:6      | Reached skill level 10 in Summonings
  5573 | D:6      | Reached skill level 10 in Necromancy
  5573 | D:6      | Reached skill level 10 in Translocations
  5573 | D:6      | Reached skill level 10 in Fire Magic
  5573 | D:6      | Reached skill level 10 in Ice Magic
  5573 | D:6      | Reached skill level 10 in Air Magic
  5573 | D:6      | Reached skill level 10 in Earth Magic
  5573 | D:6      | Reached skill level 10 in Alchemy
  5730 | D:6      | Reached skill level 1 in Fighting
  5856 | D:6      | You are sucked into a shaft and drop 1 floor!
  6291 | D:6      | Found a stormy altar of Qazlal.
  6537 | D:6      | Reached XP level 10. HP: 64/67 MP: 0/0
  7534 | D:7      | Found an iron altar of Okawaru.
  7542 | D:7      | Identified the +5 hand axe of Atulaal {drain, rElec rN+}
  7737 | D:7      | Reached skill level 5 in Dodging
  8238 | D:8      | Reached skill level 5 in Fighting
  8394 | D:8      | Found a burning altar of Makhleb.
  8394 | D:8      | Noticed a balrug
  8399 | D:8      | Noticed Grum
  8404 | D:8      | Killed Grum
  8500 | D:8      | Became a worshipper of Makhleb the Destroyer
  8987 | D:8      | Noticed a two-headed ogre
  9121 | D:8      | Killed a two-headed ogre
  9606 | D:9      | Found a glowing golden altar of the Shining One.
  9635 | D:9      | Noticed a boulder beetle
  9677 | D:9      | HP: 1/73 [boulder beetle (18)]
  9695 | D:9      | Annihilated by a boulder beetle

Illustrated notes

Levels and vault maps discovered:
D:1:      dpeg_arrival_tiny_j, layout_loops_ring, ebering_ecumenical_altar_box
D:2:      layout_loops_ring, uniq_natasha, uniq_sigmund
D:3:      layout_basic, mainiacjoe_overflow_cross_hatched,
          grunt_dithmenos_smoke, uniq_terence, uniq_crazy_yiuf_cottage
D:4:      layout_loops_ring, kennysheep_mini_moat, minmay_temple_entry_hall,
          uniq_grinder
D:5:      layout_rooms, gammafunk_ghost_split, minmay_fire_ice_demons,
          uniq_eustachio
D:6:      layout_layer_cave, nicolae_qazlal_beasts_of_the_sky
D:7:      layout_cave_pods, okawaru_ov_weapons_minmay, lemuel_crystal_altar,
          minmay_unpleasant_kobolds
D:8:      layout_loops_ring, makhleb_altar_promises_db, uniq_grum
D:9:      layout_loops_corners, nicolae_yredelemnul_corpse_copse,
          nicolae_overflow_two_pavilions, enter_bailey_6
Temple:   dpeg_chambers_temple

Skill      XL: |  1  2  3  4  5  6  7  8  9 10 |
---------------+-------------------------------+-----
Spellcasting   | 4 5 6 7 9 10 | 10.0
Conjurations   | 4 5 6 7 9 10 | 10.0
Hexes          | 4 5 6 7 9 10 | 10.0
Summonings     | 4 5 6 7 9 10 | 10.0
Necromancy     | 4 5 6 7 9 10 | 10.0
Translocations | 4 5 6 7 9 10 | 10.0
Fire Magic     | 4 5 6 7 9 10 | 10.0
Ice Magic      | 4 5 6 7 9 10 | 10.0
Air Magic      | 4 5 6 7 9 10 | 10.0
Earth Magic    | 4 5 6 7 9 10 | 10.0
Alchemy        | 4 5 6 7 9 10 | 10.0
Fighting       | 3 6 |  6.4
Dodging        | 4 7 |  7.6
Armour         | |  0.7
Stealth        | |  1.8

Action                     |  1- 3 |  4- 6 |  7- 9 | 10-12 || total
---------------------------+-------+-------+-------+-------++-------
  Melee: Staff             |       |       |     1 |       ||     1
   Cast: Magic Dart        |    60 |    86 |   190 |    76 ||   412
         Searing Ray       |       |     5 |     1 |       ||     6
         Iskenderun's Myst |       |     1 |    62 |    54 ||   117
         Fulminant Prism   |       |       |     2 |     1 ||     3
    Use: Scroll            |       |       |       |    16 ||    16
         Potion            |       |       |       |     4 ||     4
 Armour: Robe              |     2 |     6 |    25 |       ||    33
         Steam dragon scal |       |       |    11 |     9 ||    20
         Acid dragon scale |       |       |       |    13 ||    13
  Dodge: Dodged            |     3 |     5 |    23 |    25 ||    56

Table legend: (Time is in decaauts)
 A = Elapsed time spent in this place.
 B = Non-inter-level travel time spent in this place.
 C = Inter-level travel time spent in this place.
 D = Time resting spent in this place.
 E = Time spent auto-exploring this place.
 F = Levels seen in this place.
 G = Mean time per level.
                   A        B        C        D        E       F      G
               +--------+--------+--------+--------+--------+-----+--------+
         Total |   9693 |   9404 |    289 |      0 |   7803 |  10 |  969.3 |
       Dungeon |   9647 |   9358 |    289 |      0 |   7803 |   9 | 1071.9 |
        Temple |     45 |     45 |      0 |      0 |      0 |   1 |   45.0 |
               +--------+--------+--------+--------+--------+-----+--------+

Top non-repeatable levels by time:
     D:6: 1893 daAuts
     D:4: 1533 daAuts
     D:7: 1269 daAuts
     D:8: 1091 daAuts
     D:2: 1051 daAuts
     D:1: 880 daAuts
     D:5: 875 daAuts
     D:3: 819 daAuts
     D:9: 231 daAuts
  Temple: 45 daAuts
